AoeStats
← dedekindcut

Arabia

504388407Analyzed
3v3 RM · 28d ago on Sep 5, 2026· 18m 50s· 6 players
Game mode
Random Map
Map size
Normal (6 player)
Population
200
Speed
Normal
Resources
Standard
Victory
Conquest
Starting age
Dark Age
Ending age
Imperial Age
RankedLock teamsTeams togetherTeam positionsShared explorationLock speedFull tech treeHidden civsTurbo modeCheats
Victory
Defeat
🇲🇽 Japanese · Mexico
886
+16
🇲🇽 Teutons · Mexico
877
+16
🇲🇽 Poles · Mexico
866
+16
🇺🇸 Spanish · United States
883
-45
🇺🇸 Britons · United States
883
-45
🇺🇸 Vietnamese · United States
883
-45
mariusly1
10:47 Loom
12:32 Feudal Age
16:42 Castle Age
Creizyllama
6:42 Loom
9:42 Feudal Age
10:27 Horse Collar
11:45 Double-Bit Axe
13:17 Wheelbarrow
17:08 Stone Mining
17:09 Gold Mining
Gazpacho
7:45 Loom
10:49 Feudal Age
12:26 Double-Bit Axe
14:25 Horse Collar
16:39 Fletching
20:31 Castle Age
badcompankcode1
14:39 Feudal Age
16:02 Wheelbarrow
15:24 Horse Collar
15:40 Man-at-Arms
Nayum
10:22 Feudal Age
12:42 Double-Bit Axe
13:10 Horse Collar
dedekindcut
13:55 Feudal Age
14:27 Loom
15:59 Wheelbarrow
15:12 Loom
16:40 Double-Bit Axe
Connection lost

Rejoining the realm…

Still unreachable

The connection could not be restored.

Session expired

The server has moved on; the page needs a fresh start.